 Dungeon Crawl Stone Soup version 0.20.0-15-g7f486f2 (webtiles) character file.

128 greprep the Purveyor of Pain (level 4, -1/31 HPs)
             Began as a Vampire Necromancer on June 17, 2017.
             Was an Initiate of Kikubaaqudgha.
             Slain by a river rat (5 damage)
             ... on level 4 of the Dungeon.
             The game lasted 00:10:09 (3762 turns).

greprep the Purveyor of Pain (Vampire Necromancer)  Turns: 3762, Time: 00:10:11

Health: -1/31      AC:  2    Str:  7    XL:     4   Next: 87%
Magic:  8/8        EV: 13    Int: 18    God:    Kikubaaqudgha [......]
Gold:   109        SH:  0    Dex: 14    Spells: 7/8 levels left

rFire    . . .     SeeInvis +   j - +1 dagger (venom)
rCold    . . .     Gourm    .   (no shield)
rNeg     . . .     Faith    .   a - +0 robe
rPois    .         Spirit   .   (no helmet)
rElec    .         Reflect  .   (no cloak)
rCorr    .         Harm     .   (no gloves)
MR       .....                  (no boots)
Stlth    +++.......             l - amulet of regeneration
Regen    0.7/turn               (no ring)
MPRegen  0.2/turn               (no ring)

@: regenerating quickly
A: fangs 3, see invisible, unbreathing
a: Renounce Religion


You were on level 4 of the Dungeon.
You worshipped Kikubaaqudgha.
Kikubaaqudgha was noncommittal.
You were full.

You visited 1 branch of the dungeon, and saw 4 of its levels.

You collected 109 gold pieces.

Inventory:

Hand Weapons
 j - a +1 dagger of venom (weapon)
Armour
 a - a +0 robe (worn)
Jewellery
 l - an amulet of regeneration (around neck)
Scrolls
 c - 5 scrolls of identify {unknown}
 d - 2 scrolls of teleportation {unknown}
 g - 2 scrolls of remove curse {unknown}
 i - 2 scrolls of random uselessness {unknown}
 m - 2 scrolls of magic mapping {unknown}
 q - a scroll of amnesia {unknown}
Potions
 e - a potion of heal wounds {unknown}
 f - 14 potions of blood
 h - 4 potions of resistance {unknown}
 k - a potion of flight {unknown}
 n - 2 potions of might {unknown}
 o - a potion of agility {unknown}
 p - a potion of lignification {unknown}
Books
 b - a book of Necromancy

   Spells                             Type                      Level
   a - Pain                           Necromancy                   1
   b - Animate Skeleton               Necromancy                   1
   c - Vampiric Draining              Necromancy                   3
   d - Regeneration                   Charms/Necromancy            3
   e - Animate Dead                   Necromancy                   4
   f - Control Undead                 Necromancy                   4


   Skills:
 + Level 0.3 Fighting
 + Level 0.2 Short Blades
 + Level 2.7 Dodging
 + Level 4.5 Stealth
 + Level 0.7 Unarmed Combat
 + Level 2.7 Spellcasting
 + Level 5.4 Necromancy


You had 7 spell levels left.
You knew the following spells:

 Your Spells              Type           Power        Failure   Level  Hunger
a - Pain                  Necr           ###.         1%          1    #......


Dungeon Overview and Level Annotations

Branches:
Dungeon (4/15)
 Temple: D:4-7

Altars:
Ashenzari
Kikubaaqudgha
Ru
Trog
Uskayaw
Yredelemnul

Portals:
Sewer: D:4


Innate Abilities, Weirdness & Mutations

Your natural rate of healing is unusually fast.
You have razor-sharp teeth.
You have supernaturally acute eyesight. (SInv)
You can survive without breathing.


Message History

The giant cockroach barely misses you. The river rat misses you.
The river rat bites you.
The giant cockroach splashes around in the water.
You hit the river rat but do no damage.
The river rat is moderately wounded.
The rat bites you. The giant cockroach barely misses you.
The giant cockroach bites you. The river rat bites you!
* * * LOW HITPOINT WARNING * * *
The river rat closely misses you.
Unknown command.
You are too injured to fight recklessly!
Unknown command.
The giant cockroach splashes around in the water.
The rat bites you.
* * * LOW HITPOINT WARNING * * *
The giant cockroach bites you.
* * * LOW HITPOINT WARNING * * *
The river rat bites you.
You die...
Kikubaaqudgha rasps: "You have failed me!
Welcome... oblivion!"

#. # #. .# ##.#######.#
#..........#
##..........#
##....≈s≈....#
#....≈≈rr≈...#
#.#..≈r@≈≈...#
####.#..≈ss≈≈...#
#<.......≈≈≈....#
#......####..........##
....### #..........# ##
############


You could see 2 river rats, 3 giant cockroaches and a rat.

Vanquished Creatures
  Terence (D:2)
  An adder (D:2)
  An ooze (D:3)
  3 worms
  A leopard gecko (D:2)
  An orc (D:3)
  A ball python (D:2)
  2 giant cockroaches
  11 goblins
  13 hobgoblins
  2 jackals (D:3)
  A quokka (D:3)
  14 bats
  6 frilled lizards
  A jackal skeleton (D:3)
  11 kobolds
  6 rats
76 creatures vanquished.

Vanquished Creatures (others)
  A human (D:3)
1 creature vanquished.

Grand Total: 77 creatures vanquished

Notes
Turn   | Place    | Note
-------+----------+-------------------------------------------
     0 | D:1      | greprep the Vampire Necromancer began the quest for the Orb.
     0 | D:1      | Reached XP level 1. HP: 13/13 MP: 3/3
   398 | D:1      | Reached XP level 2. HP: 18/19 MP: 3/5
  1136 | D:2      | Reached XP level 3. HP: 20/24 MP: 0/6
  1383 | D:2      | Reached skill level 5 in Necromancy
  1432 | D:2      | Noticed Terence
  1448 | D:2      | Killed Terence
  1448 | D:2      | Reached XP level 4. HP: 17/30 MP: 7/7
  2907 | D:3      | Found an ancient bone altar of Kikubaaqudgha.
  2907 | D:3      | Noticed a human
  2910 | D:3      | Killed a human
  2983 | D:3      | Became a worshipper of Kikubaaqudgha
  3051 | D:3      | Found a shattered altar of Ashenzari.
  3052 | D:3      | Found a bloodstained altar of Trog.
  3053 | D:3      | Found a hide-covered altar of Uskayaw.
  3053 | D:3      | Found a basalt altar of Yredelemnul.
  3054 | D:3      | Found a sacrificial altar of Ru.
  3750 | D:4      | Found a glowing drain.
  3762 | D:4      | Slain by a river rat

Skill      XL: |  1  2  3  4 |
---------------+-------------+-----
Necromancy     | 5 |  5.4
Stealth        | 4 |  4.5
Fighting       | |  0.3
Short Blades   | |  0.2
Dodging        | |  2.7
Unarmed Combat | |  0.7
Spellcasting   | |  2.7

Action                   |  1- 3 |  4- 6 || total
-------------------------+-------+-------++-------
Melee: Unarmed           |    31 |       ||    31
       Bite              |     6 |    10 ||    16
       Dagger            |    13 |   122 ||   135
 Cast: Pain              |    40 |     7 ||    47
  Use: Potion            |     3 |    10 ||    13
 Stab: Sleeping          |     4 |     8 ||    12
  Eat: Corpse            |     3 |       ||     3
Armor: Robe              |     7 |    32 ||    39
Dodge: Dodged            |    35 |    75 ||   110
